 Dungeon Crawl Stone Soup version 0.17-a0-1591-g7a45446 (webtiles) character file.

115130 Urgaas the Spry (level 16, 0/147 HPs)
             Began as a White Draconian Berserker on July 28, 2015.
             Was the Champion of Trog.
             Slain by a large abomination (13 damage)
             ... on level 2 of the Abyss on July 29, 2015.
             The game lasted 05:20:42 (41816 turns).

Urgaas the Spry (White Draconian Berserker)        Turns: 41816, Time: 05:20:42

Health: 0/147      AC: 20    Str: 25      XL:     16   Next: 17%
Magic:  0/34       EV: 30    Int: 11 (14) God:    Trog [******]
Gold:   2425       SH:  6    Dex: 23      Spells: 0 memorised, 15 levels left

rFire  . . .     SeeInvis .     k - +0 morningstar of Disharmony {venom, rPois rC- MP+9 Dex+8}
rCold  . . .     Clarity  .     (armour unavailable)
rNeg   . . .     SustAt   .     z - +0 buckler
rPois  +         Gourm    .     j - +3 hat of Pondering {ponderous, MR+ MP+10 Int+5}
rElec  .         Spirit   +     H - +0 cloak
rCorr  .         Warding  .     C - +0 pair of gloves
rMut   .         Stasis   .     R - +0 pair of boots
MR     ++...                    c - amulet of guardian spirit
Stlth  ++++......               n - +5 ring of protection
                                M - +4 ring of dexterity

@: about to teleport, studying Polearms, slow, very resistant to hostile
enchantments, stealthy
A: breathe frost, unfitting armour, antennae 1, cold resistance 1, low mp 1,
cold-blooded, AC +9
a: Breathe Frost, Burn Spellbooks, Berserk, Trog's Hand, Brothers in Arms,
Renounce Religion


You were on level 2 of the Abyss.
You worshipped Trog.
Trog was exalted by your worship.
You were not hungry.

You visited 6 branches of the dungeon, and saw 28 of its levels.
You visited the Abyss 1 time.

You collected 2941 gold pieces.
You spent 516 gold pieces at shops.

Inventory:

Hand weapons
 g - a +0 vampiric short sword
 k - the +0 morningstar of Disharmony (weapon) {venom, rPois rC- MP+9 Dex+8}
   (You bought it in a shop on level 7 of the Dungeon)

   It poisons the flesh of those it strikes.
   It affects your dexterity (+8).
   It makes you vulnerable to cold.
   It protects you from poison.
   It affects your magic capacity (+9).
 w - a +2 glaive of holy wrath
 D - a +4 demon whip of freezing
Armour
 h - a +0 shield of reflection
 j - the +3 hat of Pondering (worn) {ponderous, MR+ MP+10 Int+5}
   (You took it off Gastronok on level 3 of the Lair of Beasts)

   It affects your intelligence (+5).
   It affects your resistance to hostile enchantments.
   It affects your magic capacity (+10).
 z - a +0 buckler (worn)
 C - a +0 pair of gloves (worn)
 H - a +0 cloak (worn)
 R - a +0 pair of boots (worn)
Jewellery
 c - an amulet of guardian spirit (around neck)
 n - a +5 ring of protection (right hand)
 M - a +4 ring of dexterity (left hand)
 V - an uncursed amulet of resist corrosion
 Z - an uncursed ring of sustain attributes
Magical devices
 e - a wand of flame (3)
 l - a wand of disintegration (11)
 v - a wand of slowing (21)
 G - a wand of confusion (32)
 N - a wand of fire (0)
 S - a wand of enslavement (6)
Scrolls
 q - 4 scrolls of recharging
 r - 6 scrolls of enchant weapon
 s - a scroll of fear
 t - 3 scrolls of teleportation
 y - a scroll of magic mapping
 B - 5 scrolls of identify
 P - 2 scrolls of fog
 Q - a scroll of remove curse
 T - 2 scrolls of enchant armour
Potions
 a - a potion of heal wounds
 f - 5 potions of curing
 o - a potion of invisibility
 p - 2 potions of ambrosia
 E - 4 potions of agility
 F - 2 potions of brilliance
 K - a potion of might
 O - 4 potions of flight
Books
 d - a manual of Polearms
Comestibles
 b - 9 bread rations
 i - 9 meat rations
 m - 6 royal jellies
 u - 3 beef jerkies
 x - 2 slices of pizza
 A - 7 fruits


   Skills:
 + Level 14.5 Fighting
   Level 4.3(11.1) Axes
 + Level 15.3(15.5) Maces & Flails
 + Level 16.7 Dodging
 + Level 8.0 Stealth
 + Level 3.4 Shields
 + Level 1.6 Evocations


You had 15 spell levels left.
You didn't know any spells.

Dungeon Overview and Level Annotations

Branches:
Dungeon (12/15)            Temple (1/1) D:7            Lair (8/8) D:11
 Shoals (1/4) Lair:3        Snake (0/4) Lair:3        Slime (0/6) Lair:7
    Orc (4/4) D:12            Elf (2/3) Orc:4

Altars:
Ashenzari
Cheibriados
Dithmenos
Elyvilon
Fedhas
Gozag
Kikubaaqudgha
Makhleb
Nemelex Xobeh
Okawaru
Qazlal
Ru
Sif Muna
Trog
Vehumet
Xom
Yredelemnul
Zin
The Shining One
Beogh

Shops:
D:4 [   D:7 %*([[   Orc:4 [(}=   Elf:2 :

Annotations:
D:11 Lair entrance
D:12 Orcish Mines
Lair:3 Snake pit + Shoals
Lair:7 Slime pits


Innate Abilities, Weirdness & Mutations

You can breathe waves of freezing cold.
You can buffet flying creatures when you breathe cold.
Your icy white scales are hard (AC +9).
Your body does not fit into most forms of armour.
Your flesh is cold resistant.
You are cold-blooded and may be slowed by cold attacks.
You have a pair of small antennae on your head.
Your magical capacity is low (-10% MP).


Message History

Found a scroll of teleportation.
Read which item? (? for menu, Esc to quit)
As you read the scroll of teleportation, it crumbles to dust.
You feel strangely unstable.
You feel the power of the Abyss delaying your translocation!
A starcursed mass splits.
The neqoxec gestures.
You feel yourself growing ill in the presence of the ancient zyme.
The raiju looks sick.
The thrashing horror completely misses you.
The thrashing horror misses you.
The flying skull hits you but does no damage.
The flying skull misses you.
A starcursed mass splits.
The neqoxec gestures at you.
You feel dopey. Something feeds on your intellect!
A starcursed mass splits.
The flying skull completely misses you.
The thrashing horror completely misses you.
The thrashing horror barely misses you. The large abomination hits you!!
You die...

#...... ..
....... ..# .
##...#. .#. ..
....... .. ...
...hXX.#.##.#..
..3X.xX........
...8XXz........
...x.XX@..#
.53..5X..#.#
.......#...
###..## .....
.... .......
.... .?.....
... ...#..# ...
.......


You could see 5 starcursed masses, an ancient zyme, a thrashing horror, 3 large
abominations, a raiju, a neqoxec, a chaos spawn, a small abomination, a flying
skull, an iron imp and a shadow imp.

Vanquished Creatures
  Rupert (Lair:3)
  Gastronok (Lair:3)
  A deep elf sorcerer (Elf:1)
  Donald (Orc:3)
  An orc warlord (Orc:4)
  Nessos (Lair:8)
  A deep elf annihilator (Elf:2)
  Snorg (Lair:3)
  Fannar (Lair:3)
  A deep elf high priest (Elf:1)
  Harold (D:10)
  7 hydras
  4 catoblepae
  A centaur warrior (D:11)
  17 death yaks
  2 orc high priests
  The ghost of cmdexe the Black Sun, an experienced DsNe of Kikubaaqudgha (D:9)
  Sonja (D:12)
  9 deep elf knights
  7 deep elf summoners (Elf:1)
  The ghost of carl the Ruffian, an experienced TrMo of Ru (D:6)
  The ghost of cmdexe the Cleaver, an experienced HOFi (D:4)
  3 orc knights
  4 hill giants
  10 deep elf conjurers
  3 orc sorcerers
  2 ugly things (D:12)
  2 slime creatures (D:12)
  A water nymph (Shoals:1)
  A salamander (shapeshifter) (D:11)
  3 griffons
  3 manticores
  13 elephants
  Maurice (D:8)
  9 black mambas
  A cyclops (Shoals:1)
  Joseph (D:7)
  A torpor snail (Lair:7)
  10 spiny frogs
  8 komodo dragons
  A fire drake (Lair:7)
  4 deep elf priests (Elf:1)
  A wind drake (Shoals:1)
  A merfolk (Shoals:1)
  A polar bear (Lair:4)
  4 trolls
  2 boulder beetles
  Grinder (D:3)
  A two-headed ogre (Orc:1)
  20 blink frogs
  2 water elementals (Shoals:1)
  Sigmund (D:4)
  17 deep elf magi
  A steam dragon (D:7)
  5 hungry ghosts
  A spriggan (D:7)
  69 yaks
  A wyvern (D:12)
  4 basilisks
  14 deep elf fighters
  16 hippogriffs
  A warg (Orc:3)
  2 mottled dragons (D:11)
  17 wolves
  16 water moccasins
  11 porcupines
  Purgy (D:3)
  A swamp drake (D:11)
  31 orc warriors
  2 black bears
  A wasp (D:11)
  9 ogres
  6 phantoms
  A sky beast (D:6)
  25 crocodiles
  4 centaurs
  An ice beast (D:7)
  14 giant frogs
  A big kobold (D:7)
  3 scorpions
  3 killer bees (D:12)
  6 wights
  2 quasits (D:8)
  2 electric eels (D:10)
  6 crimson imps
  A gnoll shaman (D:7)
  2 giant frog zombies
  5 hounds
  31 orc priests
  3 jellies (D:11)
  6 centaur skeletons
  Jessica (D:3)
  3 giant frog skeletons
  18 iguanas
  13 worker ants
  39 orc wizards
  45 sheep
  A hound zombie (D:8)
  A hound skeleton (D:9)
  A worker ant zombie (D:6)
  16 adders
  13 gnolls
  114 river rats
  A shadow imp (D:7)
  An ooze (D:7)
  An adder skeleton (D:7)
  11 giant geckos
  198 orcs
  16 bats
  8 giant cockroaches
  15 goblins
  16 hobgoblins
  9 jackals
  5 quokkas
  A ball python (D:4)
  A giant cockroach zombie (D:5)
  A giant newt (D:3)
  14 kobolds
  A quokka skeleton (D:5)
  11 rats
  A crawling corpse (Elf:1)
  11 fungi
  5 plants
1111 creatures vanquished.

Vanquished Creatures (others)
  A merfolk aquamancer (Shoals:1)
  An orc priest (D:6)
  An orc wizard (D:6)
  4 orcs
  A crawling corpse (Elf:1)
  67 fungi
  32 plants
107 creatures vanquished.

Grand Total: 1218 creatures vanquished

Notes
Turn   | Place    | Note
--------------------------------------------------------------
     0 | D:1      | Urgaas the Draconian Berserker began the quest for the Orb.
     0 | D:1      | Reached XP level 1. HP: 19/19 MP: 1/1
   198 | D:1      | Reached XP level 2. HP: 26/26 MP: 2/2
  1147 | D:2      | Reached skill level 4 in Fighting
  1163 | D:2      | Reached XP level 3. HP: 28/33 MP: 3/3
  1384 | D:2      | Acquired Trog's second power
  1607 | D:3      | Noticed Grinder
  1616 | D:3      | Paralysed by Grinder for 6 turns
  1635 | D:3      | Killed Grinder
  1635 | D:3      | Reached skill level 1 in Stealth
  1635 | D:3      | Reached XP level 4. HP: 9/41 MP: 2/4
  1635 | D:3      | Reached XP level 5. HP: 10/47 MP: 2/5
  1958 | D:3      | Found an opulent altar of Gozag.
  2299 | D:3      | Noticed Jessica
  2309 | D:3      | Killed Jessica
  2309 | D:3      | Reached XP level 6. HP: 53/53 MP: 6/6
  2391 | D:3      | Noticed Purgy
  2403 | D:3      | Killed Purgy
  2403 | D:3      | Reached skill level 5 in Dodging
  2653 | D:4      | Found Eruped's Armour Boutique.
  2703 | D:4      | Reached skill level 5 in Fighting
  2987 | D:4      | Your scales start taking on an icy white colour.
  2987 | D:4      | Gained mutation: Your flesh is cold resistant. [White Draconian growth]
  2987 | D:4      | Reached XP level 7. HP: 40/61 MP: 4/7
  3391 | D:4      | Reached skill level 6 in Dodging
  3412 | D:4      | Noticed cmdexe's ghost (experienced HOFi)
  3436 | D:4      | Killed cmdexe's ghost
  3436 | D:4      | Reached skill level 5 in Maces & Flails
  3436 | D:4      | Reached XP level 8. HP: 70/70 MP: 6/8
  3531 | D:4      | Reached skill level 7 in Dodging
  3674 | D:4      | Noticed Sigmund
  3681 | D:4      | Killed Sigmund
  4470 | D:5      | Entered Level 5 of the Dungeon
  4684 | D:5      | Got a crude rapier
  4685 | D:5      | Identified the cursed +1 rapier "Teluh" {freeze, Stlth+} (You found it on level 5 of the Dungeon)
  4917 | D:5      | Reached skill level 8 in Dodging
  5159 | D:5      | Found a sparkling altar of Nemelex Xobeh.
  5251 | D:5      | Reached XP level 9. HP: 58/78 MP: 9/9
  5396 | D:5      | Found a snail-covered altar of Cheibriados.
  5540 | D:5      | Found a burning altar of Makhleb.
  7307 | D:6      | Noticed carl's ghost (experienced TrMo)
  7319 | D:6      | Killed carl's ghost
  7319 | D:6      | Reached skill level 9 in Dodging
  7496 | D:6      | Reached skill level 1 in Axes
  7587 | D:6      | Found a radiant altar of Vehumet.
  7698 | D:6      | Acquired Trog's third power
  8204 | D:6      | Found a shimmering altar of Xom.
  8228 | D:6      | Found a basalt altar of Yredelemnul.
  8832 | D:7      | Noticed Joseph
  8836 | D:7      | Found Orufef's General Store.
  8895 | D:7      | Killed Joseph
  8895 | D:7      | Reached XP level 10. HP: 57/88 MP: 6/10
  9044 | D:7      | Found a staircase to the Ecumenical Temple.
  9076 | Temple   | Entered the Ecumenical Temple
  9210 | D:7      | Found Cettar's Food Boutique.
  9500 | D:7      | Found Ofosmeif's Armour Shop.
  9537 | D:7      | Found a shadowy altar of Dithmenos.
  9547 | D:7      | Found a sparkling altar of Nemelex Xobeh.
  9614 | D:7      | Found Qexteit's Armour Boutique.
  9861 | D:7      | Reached skill level 10 in Dodging
 10013 | D:7      | Found Doamea's Antique Weapon Shoppe.
 10063 | D:7      | Bought an encrusted morningstar for 216 gold pieces
 10063 | D:7      | Identified the cursed +0 morningstar of Disharmony {venom, rPois rC- MP+9 Dex+8} (You bought it in a shop on level 7 of the Dungeon)
 10566 | D:8      | Found a glowing silver altar of Zin.
 10821 | D:8      | Noticed Maurice
 10831 | D:8      | Killed Maurice
 10966 | D:9      | Noticed cmdexe's ghost (experienced DsNe)
 10987 | D:9      | Killed cmdexe's ghost
 11737 | D:10     | Entered Level 10 of the Dungeon
 11761 | D:10     | Noticed a hill giant
 11778 | D:10     | Killed a hill giant
 12425 | D:10     | Noticed Harold
 12437 | D:10     | Killed Harold
 12437 | D:10     | Reached XP level 11. HP: 88/97 MP: 11/11
 13134 | Temple   | Gained mutation: You are frail (-10% HP). [potion of mutation]
 13134 | Temple   | Gained mutation: You have a pair of small antennae on your head. [potion of mutation]
 13134 | Temple   | Gained mutation: You are resistant to electric shocks. [potion of mutation]
 13135 | Temple   | Lost mutation: You are resistant to electric shocks. [potion of cure mutation]
 13135 | Temple   | Lost mutation: You are frail (-10% HP). [potion of cure mutation]
 13400 | D:11     | Reached skill level 1 in Evocations
 13450 | D:11     | Received a gift from Trog
 13556 | D:11     | Found a staircase to the Lair.
 13650 | D:11     | Got a warped rapier
 13687 | D:11     | Reached skill level 5 in Stealth
 13691 | D:11     | Noticed a hill giant
 13695 | D:11     | Reached skill level 11 in Dodging
 13711 | D:11     | Killed a hill giant
 13852 | D:11     | Noticed a hill giant
 13862 | D:11     | Killed a hill giant
 13864 | D:11     | Noticed a centaur warrior
 13881 | D:11     | Killed a centaur warrior
 14615 | D:11     | Reached skill level 10 in Fighting
 14859 | Lair:1   | Entered Level 1 of the Lair of Beasts
 15097 | Lair:1   | Reached skill level 12 in Dodging
 15097 | Lair:1   | Reached XP level 12. HP: 49/107 MP: 11/13
 15398 | Lair:1   | Reached skill level 10 in Maces & Flails
 15496 | Lair:1   | Received a gift from Trog
 18300 | Lair:3   | Received a gift from Trog
 18552 | Lair:3   | Noticed Gastronok
 18602 | Lair:3   | Killed Gastronok
 18602 | Lair:3   | Reached skill level 13 in Dodging
 18887 | Lair:3   | Found a staircase to the Snake Pit.
 18934 | Lair:3   | Found a staircase to the Shoals.
 18971 | Lair:3   | Noticed Fannar
 18990 | Lair:3   | Killed Fannar
 19044 | Lair:3   | Noticed Snorg
 19045 | Lair:3   | Noticed Rupert
 19094 | Lair:3   | Killed Rupert
 19094 | Lair:3   | Reached XP level 13. HP: 71/116 MP: 12/14
 19119 | Lair:3   | Killed Snorg
 20304 | Lair:4   | Received a gift from Trog
 21352 | Lair:5   | Reached skill level 14 in Dodging
 21868 | Lair:5   | Received a gift from Trog
 23298 | Lair:7   | Found a staircase to the Slime Pits.
 23784 | Lair:7   | Reached XP level 14. HP: 107/127 MP: 15/15
 24340 | Lair:8   | Entered Level 8 of the Lair of Beasts
 25450 | Lair:7   | Received a gift from Trog
 26031 | Lair:8   | Reached skill level 15 in Dodging
 26595 | Lair:8   | Noticed Nessos
 26625 | Lair:8   | Killed Nessos
 26888 | Lair:8   | Received a gift from Trog
 27858 | Lair:8   | Reached XP level 15. HP: 126/136 MP: 16/16
 28317 | Shoals:1 | Entered Level 1 of the Shoals
 28545 | Shoals:1 | HP: 2/136 [merfolk aquamancer/great wave of water (5)]
 29078 | Lair:3   | Upgraded the game from 0.17-a0-1583-g2df49ec to 0.17-a0-1591-g7a45446
 29361 | D:12     | Noticed Sonja
 29671 | D:12     | Killed Sonja
 30801 | D:12     | Found a staircase to the Orcish Mines.
 30808 | Orc:1    | Entered Level 1 of the Orcish Mines
 30878 | D:12     | Received a gift from Trog
 32540 | Orc:2    | Received a gift from Trog
 33493 | Orc:3    | Noticed Donald
 33519 | Orc:3    | Killed Donald
 33519 | Orc:3    | Reached skill level 16 in Dodging
 34107 | Orc:4    | Entered Level 4 of the Orcish Mines
 34129 | Orc:4    | Found a staircase to the Elven Halls.
 34182 | Orc:4    | Found a roughly hewn altar of Beogh.
 34572 | Orc:4    | Received a gift from Trog
 34701 | Orc:4    | Gained mutation: Your magical capacity is low (-10% MP). [a neqoxec]
 34826 | Orc:4    | Found a roughly hewn altar of Beogh.
 34914 | Orc:4    | Found a roughly hewn altar of Beogh.
 34915 | Orc:4    | Found Kunam's Gadget Emporium.
 35074 | Orc:4    | Reached skill level 1 in Shields
 35225 | Orc:4    | Received a gift from Trog
 35694 | Orc:4    | Found a roughly hewn altar of Beogh.
 35825 | Orc:4    | Found a roughly hewn altar of Beogh.
 35838 | Orc:4    | Found a roughly hewn altar of Beogh.
 35842 | Orc:4    | Found Gauseosa's Jewellery Boutique.
 35849 | Orc:4    | Bought an uncursed amulet of resist corrosion for 300 gold pieces
 35967 | Orc:4    | Found a roughly hewn altar of Beogh.
 36803 | Orc:4    | Found Vysut's Antique Armour Shop.
 36806 | Orc:4    | Found Nutas's Antique Weapon Boutique.
 36815 | Orc:4    | Found a roughly hewn altar of Beogh.
 36988 | Elf:1    | Entered Level 1 of the Elven Halls
 37080 | Elf:1    | Reached skill level 15 in Maces & Flails
 37164 | Elf:1    | Received a gift from Trog
 38942 | Elf:1    | Received a gift from Trog
 39639 | Elf:1    | Reached XP level 16. HP: 127/147 MP: 15/15
 40021 | Elf:1    | Received a gift from Trog
 41048 | Elf:2    | Found Wezoviat's Book Shop.
 41705 | Elf:2    | Cast into the Abyss (a deep elf demonologist)
 41816 | Abyss:2  | Slain by a large abomination

Vault maps used:
D:1:      sevenhm_arrival_forest_fort_small_4
D:3:      grunt_decor_one_mirror, nicolae_gozag_seed_capital, uniq_grinder,
          uniq_purgy, uniq_jessica
D:4:      serial_shops, nicolae_shop_trees, serial_curves, eino_curves_01,
          eino_curves_02, eino_curves_03, uniq_sigmund
D:5:      lemuel_doored_altar, first_bread, basic_altar,
          makhleb_blood_cavern_becter
D:6:      lemuel_ice_spiral_2, grunt_temple_overflow_open
D:7:      amethyst_overflow_temple_binary, minmay_temple_entry_large_hall,
          serial_shops, shop, shop_fountains, nicolae_shop_behind_doors, shop,
          kennysheep_little_box, st_stairs_10, the_bakery, uniq_joseph
D:8:      nicolae_overflow_crystal_walls, uniq_maurice
D:9:      statuecave_lemuel
D:10:     water_boxes_lemuel, uniq_harold
D:11:     erik_lair_dragon, minmay_pinched_square
D:12:     orc_0_dummy, uniq_sonja
Temple:   nicolae_temple_x_marks_the_god
Lair:1:   beast_lair_carwin_10
Lair:2:   serial_bayou_shore_b
Lair:3:   elwin_shoals_entry_rocks, dummy_snake_entry, uniq_gastronok,
          uniq_rupert, uniq_fannar, uniq_snorg
Lair:4:   lemuel_fruit_tree, grunt_megastairs_2
Lair:5:   grunt_megastairs_4
Lair:6:   minmay_lindwurm_lava
Lair:7:   slime_dummy, grunt_megastairs_5, infiniplex_staircase_pool
Lair:8:   evilmike_catoblepas_cave, grunt_forest_large_clearings, uniq_nessos
Orc:3:    nicolae_orc_pool_cavern, uniq_donald
Orc:4:    grunt_orc_community_town_hall, grunt_orc_community_big_house_1,
          grunt_orc_community_big_house_2, grunt_orc_community_house_1,
          grunt_orc_community_house_3, grunt_orc_community_house_3,
          grunt_orc_community_house_2, grunt_orc_community_house_1,
          grunt_orc_community_house_2, basic_altar
Elf:1:    elf_arrival_001, minmay_elf_sorcery
Elf:2:    serial_shops, shop_statue, uniq_louise
Abyss:2:  minivault_28

Action                   |  1- 3 |  4- 6 |  7- 9 | 10-12 | 13-15 | 16-18 || total
-------------------------+-------+-------+-------+-------+-------+-------++-------
Melee: Mace              |    98 |       |       |       |       |       ||    98
       Whip              |    24 |   121 |   480 |       |       |       ||   625
       War axe           |       |       |   182 |   110 |       |       ||   292
       Morningstar       |       |       |       |   857 |  1667 |   138 ||  2662
       Demon whip        |       |       |       |       |   729 |       ||   729
Invok: Berserk           |     1 |     2 |     7 |     3 |     5 |     1 ||    19
       Burn Spellbooks   |       |       |       |     1 |     3 |     1 ||     5
       Trog's Hand       |       |       |       |       |     1 |       ||     1
 Abil: Breathe Frost     |       |       |       |       |     3 |     1 ||     4
Evoke: Wand              |       |       |       |    10 |     5 |       ||    15
       Disc of storms    |       |       |       |       |     1 |       ||     1
  Use: Scroll            |     3 |       |     8 |     9 |    17 |     2 ||    39
       Potion            |     2 |       |     6 |     6 |     2 |       ||    16
 Stab: Sleeping          |       |     1 |     1 |     9 |    26 |       ||    37
       Distracted        |       |       |       |     4 |     6 |     1 ||    11
  Eat: Chunk             |     1 |       |     3 |    11 |    19 |       ||    34
       Beef jerky        |     1 |     1 |       |       |     1 |       ||     3
       Meat ration       |       |     1 |       |       |     2 |       ||     3
       Bread ration      |       |       |     6 |     5 |     7 |     1 ||    19
       Fruit             |       |       |       |     3 |    22 |     3 ||    28
       Pizza             |       |       |       |     1 |       |       ||     1
